 Dungeon Crawl Stone Soup version 0.27-a0-1273-gec92ba881d (webtiles) character file.

Game seed: 13317164636843094059

121 mordus the Poker (level 4, -1/40 HPs)
             Began as a Draconian Monk on June 11, 2021.
             Slain by a sky beast (4 damage)
             ... on level 2 of the Dungeon.
             The game lasted 00:04:24 (3050 turns).

mordus the Poker (Draconian Monk)                   Turns: 3050, Time: 00:04:24

Health: -1/40      AC:  7    Str: 15    XL:     4   Next: 77%
Magic:  4/4        EV: 12    Int: 10    God:
Gold:   109        SH:  6    Dex: 13    Spells: 3/3 levels left

rFire    . . .     SeeInvis .   g - +0 trident
rCold    . . .     Faith    .   f - +2 buckler
rNeg     + . .     Spirit   .   (armour unavailable)
rPois    .         Reflect  .   c - +2 hat
rElec    .         Harm     .   (no cloak)
rCorr    .         Rampage  .   (no gloves)
Will     .....                  (no boots)
Stlth    ++........             (no amulet)
HPRegen  0.13/turn              h - ring of positive energy
MPRegen  0.09/turn              (no ring)

@: no status effects
A: AC +5, unfitting armour, cold-blooded
a: no special abilities


You were on level 2 of the Dungeon.
You visited 1 branch of the dungeon, and saw 4 of its levels.

You collected 109 gold pieces.

Inventory:

Hand Weapons
 a - a +0 spear
 g - a +0 trident (weapon)
Armour
 c - a +2 hat (worn)
 f - a +2 buckler (worn)
Jewellery
 h - a ring of positive energy (left hand)
 j - an amulet of the acrobat
Scrolls
 e - a scroll of acquirement {unknown}
 i - a scroll of immolation {unknown}
 k - a scroll of amnesia {unknown}
 l - a scroll of brand weapon {unknown}
 m - a scroll of noise {unknown}
Potions
 b - a potion of heal wounds {unknown}
 d - a potion of haste {unknown}


   Skills:
 + Level 4.1 Fighting
 * Level 4.3 Polearms
 + Level 3.3 Dodging
 - Level 1.7 Stealth
 + Level 1.0 Shields


You had 3 spell levels left.
You didn't know any spells.
Your spell library was empty.

Dungeon Overview and Level Annotations

Branches:
Dungeon (4/15)
 Temple: D:4-7

Altars:


Innate Abilities, Weirdness & Mutations

Your plain brown scales are hard. (AC +5)
You cannot fit into any form of body armour.
You are cold-blooded and may be slowed by cold attacks.


Message History

There is a stone staircase leading down here.
The sky beast flickers out of sight!
Deactivating autopickup; reactivate with Ctrl-A.
Something hits you but does no damage.
There is a stone staircase leading up here.
Something barely misses you.
You climb upwards.
Reactivating autopickup.
There is a stone staircase leading down here.
Something hits you.
* * * LOW HITPOINT WARNING * * *
Something shocks you.
* * * LOW HITPOINT WARNING * * *
Deactivating autopickup; reactivate with Ctrl-A.
Something hits you but does no damage.
A sky beast appears from thin air!
Reactivating autopickup.
The sky beast flickers out of sight!
Deactivating autopickup; reactivate with Ctrl-A.
There is an open door here.
A sky beast appears from thin air!
Reactivating autopickup.
Which direction?
There's a creature in the doorway!
There is an open door here.
You open the door.
The sky beast hits you but does no damage.
There is an open door here.
The sky beast hits you but does no damage.
The sky beast flickers out of sight!
Deactivating autopickup; reactivate with Ctrl-A.
There is an open door here.
You close the door.
Something barely misses you.
Something is blocking the doorway!
Something hits you.
* * * LOW HITPOINT WARNING * * *
Something shocks you.
* * * LOW HITPOINT WARNING * * *
You open the door. Something hits you.
You die...

#.....# #.# #..###.....#.+..
#.###.# ###'#### #..........###..
#.# #.# #......# #..........#.+..
..###.# #......###......#...#.#..
#.....# #......'.#......#.#.#.###
#.##### #......#.#......#.###.#
#.# #......#.#......#.....#
#.#### #......#.#.###+##.#######
#....# ####...#@#...............
#....#######...'.#####..#.#....##
#.........##...########.#.#....#
'....##...##...'§...#...#.#....#
#....##...##...####.#.....######
......#...##...# #.#.....#
.####.#........# #≈####..#
.####.#####....# #.####..#
.#......# #...## #......>#


There were no monsters in sight!

Vanquished Creatures
  An orc wizard (D:3)
  3 adders
  3 dart slugs
  3 orcs (D:3)
  3 bats
  6 endoplasms
  4 giant cockroaches
  8 goblins
  5 hobgoblins
  3 jackals (D:1)
  3 quokkas
  3 ball pythons (D:1)
  A frilled lizard (D:1)
  5 kobolds
  5 rats
56 creatures vanquished.

Notes
Turn   | Place    | Note
-------+----------+-------------------------------------------
     0 | D:1      | mordus the Draconian Monk began the quest for the Orb.
     0 | D:1      | Reached XP level 1. HP: 19/19 MP: 1/1
   159 | D:1      | Reached XP level 2. HP: 22/26 MP: 2/2
   713 | D:1      | Reached XP level 3. HP: 32/33 MP: 3/3
  2177 | D:3      | Reached XP level 4. HP: 40/40 MP: 4/4
  2222 | D:3      | Found a faded altar of an unknown god.
  2750 | D:3      | Reached skill level 1 in Shields
  2975 | D:4      | Noticed a sky beast
  3046 | D:2      | HP: 2/40 [something (5)]
  3050 | D:2      | Slain by a sky beast

Illustrated notes

Levels and vault maps discovered:
D:1:      psy_arrival_statuary, layout_rooms, moated_statue
D:2:      layout_basic, minmay_misc_feat_five
D:3:      mumra_celtic_spiral_tile, layout_loops_ring,
          ebering_ecumenical_altar_petrified, corexii_leaking_fountain
D:4:      layout_basic, minmay_temple_entry_nine_rooms,
          kennysheep_generic_room_5, uniq_ijyb, uniq_eustachio

Skill      XL: |  1  2  3  4 |
---------------+-------------+-----
Dodging        | 3 |  3.3
Polearms       | 4 |  4.3
Fighting       | 4 |  4.1
Shields        | 1 |  1.0
Stealth        | |  1.7

Action                   |  1- 3 |  4- 6 || total
-------------------------+-------+-------++-------
Melee: Spear             |   157 |    13 ||   170
       Tailslap          |    14 |     2 ||    16
       Trident           |       |    28 ||    28
 Stab: Sleeping          |     6 |     2 ||     8
Armor: Skin              |    58 |    11 ||    69
Dodge: Dodged            |    79 |    13 ||    92
Block: Buckler           |     2 |    10 ||    12

Table legend: (Time is in decaauts)
 A = Elapsed time spent in this place.
 B = Non-inter-level travel time spent in this place.
 C = Inter-level travel time spent in this place.
 D = Time resting spent in this place.
 E = Time spent auto-exploring this place.
 F = Levels seen in this place.
 G = Mean time per level.
                   A        B        C        D        E       F      G
               +--------+--------+--------+--------+--------+-----+--------+
         Total |   3043 |   2935 |    108 |    175 |   2255 |   4 |  760.8 |
       Dungeon |   3043 |   2935 |    108 |    175 |   2255 |   4 |  760.8 |
               +--------+--------+--------+--------+--------+-----+--------+

Top non-repeatable levels by time:
     D:2: 1317 daAuts
     D:1: 883 daAuts
     D:3: 815 daAuts
     D:4: 27 daAuts
